 Dungeon Crawl Stone Soup version 0.20.1-1-g8b1a95d66d (webtiles) character file.

5433 Pixllover the Basher (level 10, -12/88 HPs)
             Began as a Minotaur Berserker on Dec 8, 2017.
             Was a High Priest of Trog.
             Mangled by a two-headed ogre
             ... wielding a +0 giant club
              (24 damage)
             ... on level 10 of the Dungeon on Dec 13, 2017.
             The game lasted 00:36:26 (7992 turns).

Pixllover the Basher (Minotaur Berserker)           Turns: 7992, Time: 00:36:27

Health: -12/88     AC: 12    Str: 28    XL:     10   Next: 41%
Magic:  9/9        EV: 16    Int:  6    God:    Trog [*****.]
Gold:   402        SH:  0    Dex: 12    Spells: 9/9 levels left

rFire    + . .     SeeInvis +   s - +9 executioner's axe of Niqiapyc {chop, rC+ MR- Str+4 Dex+3}
rCold    + + .     Gourm    .   (shield currently unavailable)
rNeg     . . .     Faith    .   g - +1 scale mail
rPois    .         Spirit   .   B - +3 crown of Dyrovepreva {rElec Int+2 SInv}
rElec    +         Reflect  .   (no cloak)
rCorr    .         Harm     +   (no gloves)
MR       .....                  (no boots)
Stlth    ++........             K - amulet of harm
Regen    0.3/turn               C - +3 ring of evasion
MPRegen  0.2/turn               l - ring of stealth

@: no status effects
A: retaliatory headbutt, horns 2, see invisible, cold resistance 1, fire
resistance 1, screaming 1, weak 1
a: Berserk, Trog's Hand, Brothers in Arms, Burn Spellbooks, Renounce Religion


You were on level 10 of the Dungeon.
You worshipped Trog.
Trog was extremely pleased with you.
You were not hungry.

You visited 1 branch of the dungeon, and saw 10 of its levels.

You collected 402 gold pieces.

Inventory:

Hand Weapons
 a - a +1 mace
 s - the +9 executioner's axe of Niqiapyc (weapon) {chop, rC+ MR- Str+4 Dex+3}
   (You acquired it on level 6 of the Dungeon)

   It inflicts extra damage upon your enemies.
   It affects your strength (+4).
   It affects your dexterity (+3).
   It protects you from cold.
   It affects your resistance to hostile enchantments.
Armour
 g - a +1 scale mail (worn)
 B - the +3 crown of Dyrovepreva (worn) {rElec Int+2 SInv}
   (You found it on level 7 of the Dungeon)

   It affects your intelligence (+2).
   It insulates you from electricity.
   It lets you see invisible.
Jewellery
 l - a ring of stealth (right hand)
 u - an uncursed ring of fire
 C - a +3 ring of evasion (left hand)
 K - an amulet of harm (around neck)
Wands
 b - a wand of digging (7/24)
 n - a wand of paralysis (9/24)
 q - a wand of confusion (30/48)
 E - a wand of digging (11/24)
 F - a wand of paralysis (19/24)
 M - a wand of confusion (28/48)
Scrolls
 k - 3 scrolls of identify
 w - a scroll of teleportation
 x - a scroll of enchant weapon
 y - 4 scrolls of magic mapping
 z - a scroll of enchant armour
 A - a scroll of torment {unknown}
 D - a scroll of blinking
 H - a scroll of brand weapon {unknown}
 J - a scroll of noise {unknown}
 L - a scroll of remove curse
Potions
 e - 2 potions of might
 f - 5 potions of cancellation
 h - a potion of degeneration {unknown}
 i - 3 potions of lignification
 j - a potion of brilliance
 o - a potion of agility {unknown}
 r - 2 potions of curing
 t - 2 potions of invisibility {unknown}
 G - 3 potions of heal wounds
 I - a potion of flight
Comestibles
 c - 7 bread rations
 d - 4 chunks of flesh
 m - 2 fruits
 p - 4 meat rations
 v - 4 royal jellies


   Skills:
 + Level 8.1 Fighting
 + Level 8.6(10.9) Axes
 + Level 10.8(11.9) Maces & Flails
 + Level 8.8 Armour
 + Level 5.4 Dodging
 + Level 2.3 Stealth
 + Level 0.6 Evocations


You had 9 spell levels left.
You didn't know any spells.

Dungeon Overview and Level Annotations

Branches:
Dungeon (10/15)            Temple (0/1) D:5
   Lair: D:8-11         Orc: D:9-12

Altars:
Ashenzari
Elyvilon
Gozag
Makhleb
Qazlal
Sif Muna
Trog
Xom
Yredelemnul
The Shining One

Shops:
D:4 =   D:8 [


Innate Abilities, Weirdness & Mutations

You reflexively headbutt those who attack you in melee.
You have a pair of horns on your head.
You have supernaturally acute eyesight. (SInv)
Your flesh is cold resistant. (rC+)
Your flesh is heat resistant. (rF+)
You occasionally shout uncontrollably at your foes.
You are weak. (Str -2)


Message History

The two-headed ogre hits you with a giant club.
You hit the two-headed ogre.
The two-headed ogre is heavily wounded.
The two-headed ogre misses you.
The two-headed ogre completely misses you.
You barely miss the two-headed ogre.
Your headbutt misses the two-headed ogre.
The two-headed ogre is heavily wounded.
The two-headed ogre hits you with a giant club!
The two-headed ogre closely misses you.
You barely miss the two-headed ogre. You headbutt the two-headed ogre.
The two-headed ogre is heavily wounded.
The two-headed ogre completely misses you.
You furiously retaliate!
You headbutt the two-headed ogre, but do no damage.
The two-headed ogre closely misses you.
The two-headed ogre hits you with a giant club!!
* * * LOW HITPOINT WARNING * * *
The two-headed ogre hits you with a giant club!!
You die...

#......#
#......
#......#
#......
#......#
#......
#......#
#......
#.....##
#######
#.....# #
#.....# #.
#.....# #..
#.@...#
#...#.O...#
#.........#
####.######
... .....
#.....
#.....
#[....


You could see a two-headed ogre.

Vanquished Creatures
  Erica (D:9)
  2 two-headed ogres
  Pikel (D:6)
  A hippogriff (D:8)
  A hungry ghost (D:8)
  A water moccasin (D:7)
  An orc warrior (D:8)
  2 sky beasts
  An ice beast (D:8)
  3 ogres
  Blork the orc (D:6)
  A gnoll sergeant (D:8)
  6 bullfrogs
  3 scorpions
  3 killer bees (D:7)
  3 wights (D:8)
  A crimson imp (D:5)
  A centaur zombie (D:6)
  A bullfrog skeleton (D:8)
  A centaur skeleton (D:7)
  3 hounds
  A jelly (D:9)
  3 orc priests
  10 orc wizards
  6 worker ants
  2 killer bee zombies
  8 gnolls
  7 adders
  A shadow imp (D:7)
  2 oozes (D:1)
  An adder skeleton (D:9)
  3 worms
  A dart slug (D:2)
  7 leopard geckos
  35 orcs
  10 bats
  5 giant cockroaches
  11 goblins
  14 hobgoblins
  3 jackals (D:4)
  4 quokkas
  2 frilled lizards
  5 kobolds
  5 rats
184 creatures vanquished.

Vanquished Creatures (others)
  An orc (D:6)
1 creature vanquished.

Grand Total: 185 creatures vanquished

Notes
Turn   | Place    | Note
-------+----------+-------------------------------------------
     0 | D:1      | Pixllover the Minotaur Berserker began the quest for the Orb.
     0 | D:1      | Reached XP level 1. HP: 19/19 MP: 0/0
    53 | D:1      | Reached XP level 2. HP: 22/27 MP: 1/1
   125 | D:1      | Reached skill level 4 in Maces & Flails
   634 | D:1      | Reached XP level 3. HP: 31/33 MP: 2/2
  1345 | D:2      | Reached ** piety under Trog
  1346 | D:2      | Reached XP level 4. HP: 34/41 MP: 3/3
  1992 | D:3      | Reached skill level 5 in Maces & Flails
  2067 | D:3      | Found a bloodstained altar of Trog.
  2110 | D:3      | Reached XP level 5. HP: 42/47 MP: 4/4
  2285 | D:3      | Reached skill level 5 in Fighting
  2426 | D:3      | Reached XP level 6. HP: 35/56 MP: 5/5
  2430 | D:3      | Reached *** piety under Trog
  2430 | D:3      | Reached skill level 6 in Maces & Flails
  3068 | D:4      | Found a shimmering altar of Xom.
  3670 | D:4      | Reached skill level 5 in Armour
  3670 | D:4      | Reached XP level 7. HP: 58/61 MP: 6/6
  3699 | D:4      | Found Mol Vief's Jewellery Boutique.
  3832 | D:4      | Gained mutation: You are resistant to hostile enchantments. (MR+) [potion of mutation]
  3832 | D:4      | Gained mutation: You have very sharp teeth. [potion of mutation]
  3832 | D:4      | Gained mutation: You are frail. (-10% HP) [potion of mutation]
  3832 | D:4      | Gained mutation: You have supernaturally acute eyesight. (SInv) [potion of mutation]
  4296 | D:5      | Entered Level 5 of the Dungeon
  4305 | D:5      | Reached skill level 7 in Maces & Flails
  4305 | D:5      | Reached skill level 1 in Stealth
  4311 | D:5      | Lost mutation: You are resistant to hostile enchantments. (MR+) [mutagenic meat]
  4325 | D:5      | Found a staircase to the Ecumenical Temple.
  4389 | D:5      | Reached **** piety under Trog
  4680 | D:5      | Found a basalt altar of Yredelemnul.
  4719 | D:5      | You fall through a shaft for 2 floors!
  4829 | D:7      | Lost mutation: You are frail. (-10% HP) [potion of mutation]
  4829 | D:7      | Lost mutation: You have very sharp teeth. [potion of mutation]
  4829 | D:7      | Gained mutation: You are weak. (Str -2) [potion of mutation]
  4829 | D:7      | Gained mutation: Your flesh is heat resistant. (rF+) [potion of mutation]
  4829 | D:7      | Gained mutation: You occasionally shout uncontrollably at your foes. [potion of mutation]
  4829 | D:7      | Gained mutation: Your flesh is cold resistant. (rC+) [potion of mutation]
  4840 | D:7      | Found a burning altar of Makhleb.
  4844 | D:7      | Reached skill level 8 in Maces & Flails
  4844 | D:7      | Reached XP level 8. HP: 59/69 MP: 7/7
  5562 | D:7      | Reached skill level 9 in Maces & Flails
  5769 | D:6      | Noticed Pikel
  5790 | D:6      | Killed Pikel
  5790 | D:6      | Reached skill level 10 in Maces & Flails
  5790 | D:6      | Reached XP level 9. HP: 78/78 MP: 8/8
  5879 | D:6      | Noticed Blork the orc
  5888 | D:6      | Killed Blork the orc
  5962 | D:6      | Identified a scroll of acquirement
  5963 | D:6      | Got an ichor-stained executioner's axe
  5965 | D:6      | Identified the +9 executioner's axe of Niqiapyc {chop, rC+ MR- Str+4 Dex+3} (You acquired it on level 6 of the Dungeon)
  6364 | D:8      | Noticed a two-headed ogre
  6367 | D:8      | Reached ***** piety under Trog
  6367 | D:8      | Reached skill level 5 in Dodging
  6369 | D:8      | Killed a two-headed ogre
  6795 | D:8      | Found an opulent altar of Gozag.
  6836 | D:8      | Reached skill level 5 in Axes
  6879 | D:8      | Found a white marble altar of Elyvilon.
  6961 | D:8      | Found Pekhum's Armour Shop.
  7212 | D:9      | Reached XP level 10. HP: 88/88 MP: 9/9
  7387 | D:9      | Found a shattered altar of Ashenzari.
  7404 | D:9      | Found a deep blue altar of Sif Muna.
  7406 | D:9      | Found a glowing golden altar of the Shining One.
  7407 | D:9      | Found a stormy altar of Qazlal.
  7559 | D:9      | Noticed a two-headed ogre
  7569 | D:9      | Killed a two-headed ogre
  7648 | D:9      | Noticed Erica
  7656 | D:9      | Killed Erica
  7873 | D:10     | Entered Level 10 of the Dungeon
  7979 | D:10     | Noticed a two-headed ogre
  7992 | D:10     | Mangled by a two-headed ogre

Skill      XL: |  1  2  3  4  5  6  7  8  9 10 |
---------------+-------------------------------+-----
Fighting       | 4 5 6 7 8 |  8.1
Maces & Flails | 4 5 6 8 10 | 10.8
Armour         | 3 5 6 7 8 |  8.8
Dodging        | 3 4 5 |  5.4
Stealth        | 1 2 |  2.3
Axes           | 5 8 |  8.6
Evocations     | |  0.6

Action                   |  1- 3 |  4- 6 |  7- 9 | 10-12 || total
-------------------------+-------+-------+-------+-------++-------
Melee: Mace              |    65 |   131 |   180 |       ||   376
       Headbutt          |    11 |    25 |    45 |     4 ||    85
       Bite              |       |       |     6 |       ||     6
       Executioner's axe |       |       |    46 |    34 ||    80
Invok: Burn Spellbooks   |       |     1 |     2 |       ||     3
       Berserk           |       |       |     1 |       ||     1
Evoke: Wand              |       |       |     1 |       ||     1
  Use: Scroll            |     4 |     5 |    10 |     1 ||    20
       Potion            |       |     4 |     7 |     1 ||    12
 Stab: Sleeping          |       |       |     1 |       ||     1
  Eat: Chunk             |     1 |     3 |    10 |     2 ||    16
       Fruit             |       |     1 |       |       ||     1
       Meat ration       |       |     1 |       |       ||     1
       Bread ration      |       |       |     1 |       ||     1
Armor: Animal skin       |    14 |       |       |       ||    14
       Leather armour    |     5 |       |       |       ||     5
       Scale mail        |    21 |    56 |    81 |    11 ||   169
Dodge: Dodged            |    70 |    89 |   156 |    18 ||   333
